 Dungeon Crawl Stone Soup version 0.25.0-26-g0c896c7088 (webtiles) character file.

Game seed: 14272433414678597360

641 protoss039 the Magician (level 7, -3/36 HPs)
             Began as a Deep Elf Earth Elementalist on July 2, 2020.
             Killed from afar by an orc wizard (9 damage)
             ... with a puff of frost
             ... on level 4 of the Dungeon.
             The game lasted 00:14:03 (5903 turns).

protoss039 the Magician (DEEE)                      Turns: 5903, Time: 00:14:03

Health: -3/36      AC:  4    Str:  5    XL:     7   Next: 26%
Magic:  5/20       EV: 13    Int: 22    God:
Gold:   158        SH:  0    Dex: 15    Spells: 15/21 levels left

rFire    . . .     SeeInvis .   q - +0 dagger (venom)
rCold    . . .     Gourm    .   (no shield)
rNeg     . . .     Faith    .   c - +0 robe
rPois    .         Spirit   .   p - +0 helmet
rElec    .         Reflect  .   (no cloak)
rCorr    .         Harm     .   (no gloves)
MR       .....                  n - +0 pair of boots
Stlth    ++........             (no amulet)
HPRegen  0.12/turn              (no ring)
MPRegen  0.17/turn              (no ring)

@: no status effects
A: no striking features
a: no special abilities


You were on level 4 of the Dungeon.
You were very hungry.

You visited 1 branch of the dungeon, and saw 4 of its levels.

You collected 158 gold pieces.

Inventory:

Hand Weapons
 q - a +0 dagger of venom (weapon)
Missiles
 b - 52 stones (quivered)
Armour
 c - a +0 robe (worn)
 n - a +0 pair of boots (worn)
 p - a +0 helmet (worn)
Jewellery
 h - an uncursed ring of stealth {unknown}
Scrolls
 a - a scroll of noise {unknown}
 f - 4 scrolls of identify {unknown}
 g - 5 scrolls of teleportation {unknown}
 i - a scroll of fog {unknown}
 j - a scroll of blinking {unknown}
 k - 2 scrolls of amnesia {unknown}
 m - a scroll of enchant armour {unknown}
 o - a scroll of fear {unknown}
Potions
 e - 2 potions of lignification {unknown}
 l - a potion of might {unknown}
Comestibles
 d - 5 rations


   Skills:
 - Level 2.4 Dodging
 - Level 2.4 Stealth
 * Level 7.5 Spellcasting
 + Level 2.4 Conjurations
 + Level 1.1 Transmutations
 * Level 6.6 Earth Magic


You had 15 spell levels left.
You knew the following spells:

 Your Spells              Type           Power        Failure   Level  Hunger
a - Sandblast             Erth           #####.       1%          1    None
b - Passwall              Tmut/Erth      ####....     2%          2    None
c - Stone Arrow           Conj/Erth      ####..       3%          3    None

Your spell library contained the following spells:

 Spells                   Type           Power        Failure   Level  Hunger
 Lee's Rapid Deconstruct  Erth           #####.....   14%         5    #####..
 Petrify                  Tmut/Erth      ####....     16%         4    ###....


Dungeon Overview and Level Annotations

Branches:
Dungeon (4/15)
 Temple: D:4-7

Altars:
Ashenzari
Nemelex Xobeh
Xom

Annotations:
D:2 Terence


Message History

There is an open gate here.
You are feeling very hungry.
You hear some strange, mumbled words.
A puff of flame appears from out of thin air!
The puff of flame hits you!
* * * LOW HITPOINT WARNING * * *
Unknown command.
Okay, then.
Something hits you.
* * * LOW HITPOINT WARNING * * *
Unknown command.
Okay, then.
You hear some strange, mumbled words.
A puff of frost appears from out of thin air!
The puff of frost misses you.
Unknown command.
Okay, then.
A puff of frost appears from out of thin air!
The puff of frost hits you!
You die...

###○###...###§####
##○§○##.8.##○§§###
#§§§§§#...#°☼☼§§##
##○☼☼##...##§§§###
###§###...###§####
#######...########
8......._.......8#
#######...########
#§§.§°#..@##°§§###
#○§§§°#...#§§§○○##
#○§○§☼#...#§§☼☼§##
######§§§°○#.8{#§§°○§##
#.$.##°§°§°#..r##☼§§###
###...########...########
..$...########'''#######
.......# #.....#
?......#####..####


You could see a quokka.

Vanquished Creatures
  An ice beast (D:4)
  2 ogres
  A phantom (D:4)
  A centaur skeleton (D:4)
  2 orc priests (D:3)
  An orc wizard (D:4)
  A worker ant (D:4)
  3 adders
  An adder skeleton (D:4)
  5 worms
  4 dart slugs (D:1)
  3 leopard geckos
  8 orcs
  6 giant cockroaches
  5 goblins
  5 hobgoblins
  9 jackals
  8 kobolds
  5 quokkas
  3 ball pythons
  12 bats
  4 frilled lizards
  9 rats
99 creatures vanquished.

Notes
Turn   | Place    | Note
-------+----------+-------------------------------------------
     0 | D:1      | protoss039 the Deep Elf Earth Elementalist began the quest
                  | for the Orb.
     0 | D:1      | Reached XP level 1. HP: 10/10 MP: 6/6
    85 | D:1      | Reached XP level 2. HP: 15/15 MP: 2/8
   935 | D:1      | Reached XP level 3. HP: 19/19 MP: 10/10
  1498 | D:1      | Learned a level 2 spell: Passwall
  1502 | D:1      | Learned a level 3 spell: Stone Arrow
  1509 | D:2      | Reached skill level 4 in Spellcasting
  2686 | D:2      | Found a faded altar of an unknown god.
  3133 | D:3      | Reached XP level 4. HP: 24/24 MP: 3/12
  3664 | D:3      | Reached skill level 5 in Earth Magic
  3718 | D:3      | Noticed Terence
  4124 | D:3      | Reached skill level 5 in Spellcasting
  4124 | D:3      | Reached skill level 1 in Conjurations
  4124 | D:3      | Reached XP level 5. HP: 28/28 MP: 3/14
  4230 | D:3      | Found a shattered altar of Ashenzari.
  4583 | D:3      | Found a shimmering altar of Xom.
  4971 | D:3      | Noticed an ogre
  4974 | D:3      | Killed an ogre
  4974 | D:3      | Reached XP level 6. HP: 32/32 MP: 9/16
  5208 | D:4      | Reached skill level 6 in Spellcasting
  5409 | D:4      | Reached skill level 7 in Spellcasting
  5762 | D:4      | Noticed an ice beast
  5765 | D:4      | Killed an ice beast
  5765 | D:4      | Reached XP level 7. HP: 36/36 MP: 14/19
  5812 | D:4      | Found a sparkling altar of Nemelex Xobeh.
  5903 | D:4      | Killed from afar by an orc wizard

Illustrated notes

Levels and vault maps discovered:
D:1:      heliophobic_arrival_henge, layout_basic, grunt_decor_mini_mirrors
D:2:      wad_pebble_path, layout_loops_cross, chequers_ecumenical_altar_island
D:3:      layout_basic, lemuel_doored_altar, evilmike_ruin_ashenzari,
          uniq_terence
D:4:      layout_basic, demons_altar, serial_shops, shop, columned_hall_lemuel,
          nemelex_altar_shiori

Skill      XL: |  1  2  3  4  5  6 |
---------------+-------------------+-----
Earth Magic    | 4 5 6 |  6.6
Spellcasting   | 4 5 7 |  7.5
Conjurations   | 1 2 |  2.4
Dodging        | |  2.4
Stealth        | |  2.4
Transmutations | |  1.1

Action                   |  1- 3 |  4- 6 |  7- 9 || total
-------------------------+-------+-------+-------++-------
Melee: Dagger            |    86 |    51 |    14 ||   151
 Cast: Sandblast         |    34 |     5 |     2 ||    41
       Stone Arrow       |    19 |    52 |     7 ||    78
 Stab: Sleeping          |     7 |       |       ||     7
  Eat: Chunk             |     8 |    10 |       ||    18
Armor: Robe              |    25 |    13 |     4 ||    42
Dodge: Dodged            |    92 |    52 |    13 ||   157
